 Dungeon Crawl Stone Soup version 0.29.1-15-g9cfb28693d (webtiles) character file.

Game seed: 4979325372096935332

625 wingedge the Firebug (level 7, -2/55 HPs)
             Began as a Demigod Fire Elementalist on Apr 27, 2023.
             Slain by an ice beast (10 damage)
             ... on level 5 of the Dungeon on Apr 28, 2023.
             The game lasted 00:14:57 (5365 turns).

wingedge the Firebug (Demigod Fire Elementalist)    Turns: 5365, Time: 00:14:58

Health: -2/55      AC:  6    Str: 13    XL:     7   Next: 2%
Magic:  3/14       EV: 12    Int: 21    God:
Gold:   54         SH:  5    Dex: 14    Spells: 2/12 levels left

rFire   . . .      SeeInvis .   a - +1 short sword (speed)
rCold   . . .      Faith    .   (no shield)
rNeg    . . .      Spirit   .   k - +3 leather armour
rPois   .          Reflect  +   (no helmet)
rElec   .          Harm     .   (no cloak)
rCorr   .          Rampage  .   (no gloves)
Will    .....                   (no boots)
Stlth   ++........              x - amulet of reflection
HPRegen 0.18/turn               (no ring)
MPRegen 0.14/turn               (no ring)

@: no status effects
A: high MP 1, forlorn, divine attributes
a: no special abilities


You were on level 5 of the Dungeon.
You visited 1 branch of the dungeon, and saw 5 of its levels.

You collected 134 gold pieces.
You spent 80 gold pieces at shops.

Inventory:

Hand Weapons
 a - a +1 short sword of speed (weapon)
 h - a +3 dagger of holy wrath
Missiles
 s - 9 poisoned darts
Armour
 k - a +3 leather armour (worn)
Magical Staves
 z - a staff of earth
Jewellery
 x - an amulet of reflection (around neck)
Wands
 m - a wand of quicksilver (12) (quivered)
Scrolls
 f - 3 scrolls of vulnerability
 i - a scroll of fear {unknown}
 j - a scroll of acquirement {unknown}
 n - a scroll of enchant armour {unknown}
 o - a scroll of noise {unknown}
 q - a scroll of blinking {unknown}
 r - a scroll of immolation {unknown}
 t - a scroll of teleportation {unknown}
 u - 2 scrolls of poison {unknown}
 v - a scroll of enchant weapon {unknown}
 y - 2 scrolls of brand weapon
Potions
 b - 3 potions of magic
 c - a potion of ambrosia
 d - a potion of brilliance {unknown}
 e - 2 potions of attraction
 g - a potion of degeneration {unknown}
 l - 2 potions of haste {unknown}
 p - a potion of mutation {unknown}
 w - a potion of might {unknown}


   Skills:
 + Level 2.0 Fighting
 - Level 2.0 Dodging
 - Level 2.0 Stealth
 + Level 3.0 Spellcasting
 + Level 4.0 Conjurations
 - Level 2.0 Translocations
 + Level 4.6 Fire Magic


You had 2 spell levels left.
You knew the following spells:

 Your Spells              Type           Power      Damage    Failure   Level
a - Foxfire               Conj/Fire      84%        2x1d8     2%          1
b - Scorch                Fire           44%        2d7       3%          2
c - Blink                 Tloc           22%        N/A       11%         2
d - Apportation           Tloc           22%        N/A       8%          1
e - Flame Wave            Conj/Fire      21%        2d8       28%         4

Your spell library contained the following spells:

 Spells                   Type           Power      Damage    Failure   Level
 Necrotise                Necr           12%        1d4       17%         1
 Summon Small Mammal      Summ           12%        N/A       17%         1
 Conjure Flame            Conj/Fire      21%        6-21      9%          3
 Inner Flame              Hex/Fire       12%        N/A       21%         3
 Lesser Beckoning         Tloc           11%        N/A       22%         3
 Manifold Assault         Tloc           11%        N/A       90%         5


Dungeon Overview and Level Annotations

Branches:
Dungeon (5/15)
 Temple: D:4-7

Shops:
D:2 ***?[


Innate Abilities, Weirdness & Mutations

You have an increased reservoir of magic. (+10% MP)
You shall have no god before yourself.
Your divine heritage dramatically boosts your attributes as you level up.


Message History

Confirm with . or Enter, or press ? or * to list all spells.
You conjure some foxfire!
The foxfire hits the orc priest but does no damage.
The orc priest is almost dead.
The orc priest hits you but does no damage.
The foxfire hits the orc priest.
The orc priest is almost dead.
The foxfire hits the orc priest.
The orc priest is burned terribly!
You kill the orc priest!
The foxfire hits the orc but does no damage.
The orc hits you but does no damage.
You have reached level 7!
Casting: Foxfire (safe; 2% risk of failure)
Confirm with . or Enter, or press ? or * to list all spells.
You conjure some foxfire!
The ice beast closely misses you. The orc closely misses you.
The orc hits your foxfire with a +0 war axe.
Casting: Foxfire (safe; 2% risk of failure)
Confirm with . or Enter, or press ? or * to list all spells.
You conjure some foxfire!
The foxfire hits the orc but does no damage.
The foxfire hits the orc.
The orc is lightly wounded.
The orc misses you. The ice beast hits you. The ice beast freezes you!
Casting: Foxfire (safe; 2% risk of failure)
Confirm with . or Enter, or press ? or * to list all spells.
Flames lash the orc.
You kill the orc!
The foxfire hits the ice beast but does no damage.
The ice beast hits you. The ice beast freezes you!
* * * LOW HITPOINT WARNING * * *
Aiming: Quicksilver Bolt
Press: ? - help, Q - select action, (/) - cycle Shift-Dir - straight line, f - ice beast
Aim: an ice beast (71% to hit)
The bolt of dispelling energy hits the ice beast!
The ice beast is heavily wounded.
The ice beast hits you.
* * * LOW HITPOINT WARNING * * *
The ice beast freezes you!
You die...

.. ........ #!#
...... ####
...##.#...
......
......... .....
........) ....
........# #.#.
......)Y# #.#.
.<.....@#
####...
.......ยง####
#...##.
...........#
#.#.##.
.......###.#
####.#.#..
....... #.#
#....#.#.#
.......
#.####.####.#.#
.......
#.##...# #.#.#
.......
#.##.######....
####### #....#
#....##


You could see an ice beast.

Vanquished Creatures
  A phantom (D:4)
  A centaur (D:3)
  A necrophage (D:4)
  A scorpion (D:4)
  A hound (D:4)
  3 orc priests
  A jelly (D:5)
  3 orc wizards
  3 adders
  3 worms
  A dart slug (D:2)
  18 orcs
  5 ball pythons
  4 endoplasms
  7 giant cockroaches
  9 goblins
  5 hobgoblins
  6 jackals
  A quokka (D:4)
  4 bats
  A frilled lizard (D:1)
  9 kobolds
  4 rats
92 creatures vanquished.

Vanquished Creatures (others)
  294 foxfires
294 creatures vanquished.

Grand Total: 386 creatures vanquished

Notes
Turn   | Place    | Note
-------+----------+-------------------------------------------
     0 | D:1      | wingedge the Demigod Fire Elementalist began the quest for
                  | the Orb.
     0 | D:1      | Reached XP level 1. HP: 14/14 MP: 5/5
   133 | D:1      | Reached skill level 1 in Conjurations
   541 | D:1      | Reached XP level 2. HP: 20/20 MP: 1/7
   703 | D:1      | Learned a level 2 spell: Scorch
  1116 | D:1      | Reached XP level 3. HP: 27/27 MP: 3/8
  1677 | D:2      | Reached skill level 1 in Fighting
  1756 | D:2      | Found Ysmin's Magic Scroll Shoppe.
  1760 | D:2      | Bought a scroll of identify for 24 gold pieces
  1760 | D:2      | Bought a scroll of identify for 24 gold pieces
  1949 | D:2      | Learned a level 2 spell: Blink
  2073 | D:2      | Found Tesapuud's Assorted Antiques.
  2087 | D:2      | Bought a fizzy orange potion for 16 gold pieces
  2087 | D:2      | Bought a fuming purple potion for 16 gold pieces
  2127 | D:2      | Found Ameajegu's Armour Shop.
  2200 | D:2      | Found Muelosh's General Store.
  2387 | D:2      | Found Nuppocw's Assorted Antiques.
  2848 | D:3      | Reached XP level 4. HP: 35/35 MP: 4/9
  3267 | D:3      | Noticed a centaur
  3271 | D:3      | Killed a centaur
  3272 | D:3      | Reached skill level 1 in Translocations
  3272 | D:3      | Reached XP level 5. HP: 29/41 MP: 4/11
  3635 | D:3      | Learned a level 1 spell: Apportation
  3991 | D:4      | Reached XP level 6. HP: 44/48 MP: 1/13
  4285 | D:4      | Learned a level 4 spell: Flame Wave
  5256 | D:5      | Entered Level 5 of the Dungeon
  5362 | D:5      | Reached XP level 7. HP: 40/55 MP: 6/14
  5365 | D:5      | Slain by an ice beast

Illustrated notes

Levels and vault maps discovered:
D:1:      matt_arrival_refuge, layout_loops_ring,
          shapermc_ecumenical_altar_hornbeckon
D:2:      layout_basic, serial_shops, shop_fountains, shop, shop,
          nicolae_shop_crystal, nicolae_shop_waterfront, minivault_26
D:3:      layout_loops_ring, minitemple
D:4:      layout_loops_ring, small_statue_alley_b, minmay_misc_feat_chi
D:5:      layout_basic, temple_statues, gup_sewer_entry_pipe,
          uniq_blork_the_orc, uniq_duvessa

Skill      XL: |  1  2  3  4  5  6 |
---------------+-------------------+-----
Conjurations   | 2 3 4 |  4.0
Stealth        | 2 |  2.0
Dodging        | 2 |  2.0
Spellcasting   | 2 3 |  3.0
Fighting       | 1 2 |  2.0
Fire Magic     | 3 4 |  4.6
Translocations | 1 2 |  2.0

Action                   |  1- 3 |  4- 6 |  7- 9 || total
-------------------------+-------+-------+-------++-------
Melee: Dagger            |    18 |       |       ||    18
       Short sword       |    12 |    15 |       ||    27
 Cast: Foxfire           |   110 |    72 |     2 ||   184
       Scorch            |       |    27 |     1 ||    28
Evoke: Wand              |       |       |     1 ||     1
  Use: Scroll            |     4 |       |       ||     4
 Stab: Sleeping          |     1 |       |       ||     1
Armor: Robe              |    15 |     1 |       ||    16
       Leather armour    |       |     3 |       ||     3
Dodge: Dodged            |    26 |    11 |     3 ||    40
Block: Other             |       |     2 |       ||     2
